 Dungeon Crawl Stone Soup version 0.27.1-34-g3ba077fa99 (webtiles) character file.

Game seed: 6896139566530438855

129 Cykl0x the Slasher (level 5, -1/32 HPs)
             Began as a Gargoyle Gladiator on Jan 13, 2022.
             Splashed by an orc's acid (13 damage)
             ... on level 4 of the Dungeon.
             The game lasted 00:02:28 (2440 turns).

Cykl0x the Slasher (Gargoyle Gladiator)             Turns: 2440, Time: 00:02:29

Health: -1/32      AC: 10    Str: 17    XL:     5   Next: 12%
Magic:  5/5        EV: 11    Int:  8    God:
Gold:   34         SH:  0    Dex: 11    Spells: 4/4 levels left

rFire    . . .     SeeInvis .   a - +0 long sword
rCold    . . .     Faith    .   (no shield)
rNeg     + . .     Spirit   .   l - +0 ring mail
rPois    ∞         Reflect  .   c - +0 helmet
rElec    +         Harm     .   (no cloak)
rCorr    .         Rampage  .   (no gloves)
Will     .....                  (no boots)
Stlth    +.........             (no amulet)
HPRegen  0.10/turn              (no ring)
MPRegen  0.09/turn              (no ring)

@: no status effects
A: sickness immunity, AC +4, negative energy resistance 1, electricity
resistance, torment resistance 1, petrification resistance, sense surroundings
1, weak 1
a: no special abilities


You were on level 4 of the Dungeon.
You visited 1 branch of the dungeon, and saw 3 of its levels.

You collected 34 gold pieces.

Inventory:

Hand Weapons
 a - a +0 long sword (weapon)
Missiles
 d - 3 throwing nets
 e - 12 stones (quivered)
Armour
 b - a +0 leather armour
 c - a +0 helmet (worn)
 l - a +0 ring mail (worn)
Scrolls
 g - a scroll of amnesia {unknown}
 h - a scroll of teleportation {unknown}
 i - a scroll of identify {unknown}
Potions
 f - a potion of brilliance


   Skills:
 + Level 2.8 Fighting
 + Level 3.8 Long Blades
 + Level 1.9 Throwing
 * Level 2.5 Armour
 + Level 2.9 Dodging


You had 4 spell levels left.
You didn't know any spells.
Your spell library contained the following spells:

 Spells                   Type           Power      Damage    Failure   Level
 Call Canine Familiar     Summ           0%         N/A       93%         3
 Portal Projectile        Hex/Tloc       0%         N/A       93%         3
 Leda's Liquefaction      Hex/Erth       0%         N/A       100%        4


Dungeon Overview and Level Annotations

Branches:
Dungeon (2/15)

Altars:
Xom
Beogh

Shops:
D:2 *


Innate Abilities, Weirdness & Mutations

You are immune to sickness and miasma.
Your stone body is resilient. (AC +4)
You are immune to poison.
You resist negative energy. (rN+)
You are resistant to electric shocks. (rElec)
You are resistant to unholy torment.
You are immune to petrification.
You passively map a small area around you.
You are weak. (Str -2)


Message History

You slash the orc!
You kill the orc!
No target in view!
No target in view!
No target in view!
No target in view!
No target in view!
No target in view!
No target in view!
No target in view!
No target in view!
No target in view!
No target in view!
No target in view!
No target in view!
No target in view!
e - 17 stones (gained 1)
Items here: )) [[.
An orc comes into view.
It is wielding a +0 dagger and carrying a wand of acid (12).
You throw a stone. The stone closely misses the orc.
The orc shouts!
You hear an angry hiss.
An adder comes into view.
You throw a stone. The stone barely misses the adder.
You throw a stone. The stone misses the adder.
You throw a stone. The stone hits the adder.
The adder is moderately wounded.
The adder barely misses you. The adder bites you.
You throw a stone. The stone hits the adder.
The adder is heavily wounded.
The adder completely misses you.
You riposte.
You hit the adder but do no damage.
The adder is heavily wounded.
You closely miss the adder.
The adder is heavily wounded.
The adder misses you.
You hit the adder.
The adder is severely wounded.
The adder closely misses you.
The orc zaps a wand.
The bolt of acid hits you!
You are splashed with acid!
You die...

#..# * *
#.)####.. , , ,
#........ ,
#.#####.. , #.# *
# * #)# (# , *,
#.# *#.##
####.#####S..##.(
#.......†@o.(....
, ,
#..P.P..##...####
####'####*#.## *
* +.. .# * #...
*,. , < * +...#
*##* , ##### *


You could see an adder and an orc.

Vanquished Creatures
  2 hounds (D:4)
  A gnoll (D:4)
  2 worms
  3 dart slugs
  2 orcs (D:4)
  4 endoplasms (D:1)
  2 giant cockroaches (D:2)
  6 goblins
  5 hobgoblins
  4 kobolds
  3 quokkas (D:1)
  5 ball pythons
  2 bats (D:1)
  2 frilled lizards
  3 rats
46 creatures vanquished.

Notes
Turn   | Place    | Note
-------+----------+-------------------------------------------
     0 | D:1      | Cykl0x the Gargoyle Gladiator began the quest for the Orb.
     0 | D:1      | Reached XP level 1. HP: 12/12 MP: 1/1
   105 | D:1      | Found a faded altar of an unknown god.
   143 | D:1      | Reached XP level 2. HP: 15/17 MP: 2/2
   254 | D:1      | Reached skill level 3 in Long Blades
   683 | D:1      | Reached XP level 3. HP: 22/22 MP: 3/3
   747 | D:1      | Reached skill level 1 in Armour
  1758 | D:2      | Found a shimmering altar of Xom.
  1793 | D:2      | Found Xaefugrey's Assorted Antiques.
  2133 | D:2      | You fall into a shaft and drop 2 floors!
  2161 | D:4      | Gained mutation: You are weak. (Str -2) [potion of
                  | mutation]
  2161 | D:4      | Gained mutation: You passively map a small area around you.
                  | [potion of mutation]
  2165 | D:4      | Reached XP level 4. HP: 10/27 MP: 4/4
  2173 | D:4      | Reached XP level 5. HP: 8/32 MP: 5/5
  2440 | D:4      | Splashed by an orc's acid

Illustrated notes

Levels and vault maps discovered:
D:1:      scummos_arrival_checkerplants, layout_basic,
          hellmonk_ecumenical_altar_defaced_shrine
D:2:      layout_basic, serial_shops, shop_statue, basic_altar,
          serial_park_tiny_pond, minmay_heptomino_l4
D:4:      layout_loops_ring, kennysheep_mini_moat,
          chequers_temple_overflow_statue_of_worship, cheibrodos_gnoll_hut

Skill      XL: |  1  2  3 |
---------------+----------+-----
Long Blades    | 3 |  3.8
Armour         | 2 |  2.5
Fighting       | |  2.8
Throwing       | |  1.9
Dodging        | |  2.9

Action                   |  1- 3 |  4- 6 || total
-------------------------+-------+-------++-------
Melee: Long sword        |   124 |    15 ||   139
Throw: Stone             |     7 |     7 ||    14
  Use: Potion            |     4 |       ||     4
Armor: Leather armour    |    29 |       ||    29
       Ring mail         |    11 |     5 ||    16
Dodge: Dodged            |    80 |    11 ||    91
       Rpst.: Long sword |    22 |     5 ||    27
